Unix NetHack Version 5.0.0-0 post-release - last build May 23 2026 06:08:33 (1c0ff79ee797540d5714e4e18072db0edd9e58ae,branch:main).

Game began 2026-05-24 21:58:55, ended 2026-05-24 22:48:44.

DoomChicken, chaotic female elven Priestess

------------                   --
|..........| ----------    ----.----
|..----..#)--|..--.--.-----.|......##
|..-- --)|..--......................|
--..-- |)|-....................-#.
 |...| |.|---..................-#-  --
 |...| |o|  |.....%[......----....  .--
 --..--|@|  ---..|..).....|   ###  ...-------
  |...||%|    --.|-..--...-----#---.....|...------
  --.-||)|    --.||.----.........................-
   -#.--)|   --<.|--- --...-----..............--
   --....|   |..--    |...>| --................|
   |.....|   |..|     --...| |.............--  |
   --.--.|   |..|      ----- |-^....|......|
    ---|.|   ----         ----....----..|.--
       |.--              --....[..|   -----
       |..|              |........|
       |..|              --.......|
       ----               --......|
                           ----.---
                              ---
DoomChicken the Adept        St:11 Dx:10 Co:15 In:10 Wi:20 Ch:10  Chaotic
Dlvl:6  $:339 HP:0(43) Pw:98(98) AC:4  Xp:6 T:3019  Burdened

Latest messages:
 The dart misses the killer bee.
 A dart misses you.
 The killer bee misses!
 The hill orc throws a dart!
 The dart misses the killer bee.
 You are hit by a dart.
 The killer bee misses!
 You miss the killer bee.
 The killer bee stings!
 The hill orc throws a dart!
 The dart misses the killer bee.
 A dart misses you.
 The killer bee stings!
 You miss the killer bee.
 The killer bee stings!
 The killer bee misses!
 You miss the killer bee.
 The killer bee stings!
 The killer bee stings!
 The killer bee stings!
 You hit the killer bee.
 The killer bee misses!
 The killer bee misses!
 You kill the killer bee!
 The hill orc throws a dart!
 You are hit by a dart.
 You have no ammunition readied.
 What do you want to fire? [$gL or ?*] ?
 You ready: L - 2 blessed darts.
 In what direction? 8
 The dart hits the hill orc.
 The hill orc throws a dart!
 You are hit by a dart.
 Elf, your life force is running out.
 In what direction? 8
 The dart hits the hill orc.
 The hill orc throws a dart!
 You are almost hit by a dart.
 You hit the hill orc.
 The hill orc thrusts his broad short sword.
 The hill orc just misses!
 You hit the hill orc.
 The hill orc thrusts his broad short sword.
 The hill orc hits!
 You die...
 Do you want your possessions identified? [ynq] (y) y
 Do you want to see your attributes? [ynq] (y) y
 Do you want an account of creatures vanquished? [ynaq] (y) y
 Do you want to see your conduct and achievements? [ynq] (y) y
 Do you want to see the dungeon overview? [ynq] (y) y

Inventory:
 Coins    ('$')
  $ - 339 gold pieces
 Weapons  (')')
  g - a +0 dart
  a - a blessed rusty corroded +1 mace (weapon in right hand)
 Armor    ('[')
  F - a rusty +0 orcish helm (being worn)
  p - a +0 pair of elven boots (being worn)
  c - a +0 small shield (being worn)
  b - a +0 robe (being worn)
  K - a +0 leather armor (being worn)
 Comestibles  ('%')
  W - 2 bananas
  e - a cram ration
  O - a tripe ration
  T - a lichen corpse
 Scrolls  ('?')
  Q - a blessed scroll of blank paper
 Potions  ('!')
  I - a potion of confusion
  Z - a potion of healing
  d - 4 potions of holy water
 Wands    ('/')
  D - a wand of locking (0:5)
 Tools    ('(')
  Y - a figurine of a plains centaur
  U - a mirror
  z - a rustproof +0 pick-axe (alternate weapon; not wielded)
  k - a skeleton key
  R - a skeleton key
  V - a tallow candle
 Gems/Stones  ('*')
  X - 4 worthless pieces of green glass
  N - 2 worthless pieces of violet glass
  S - 2 worthless pieces of yellow glass
  P - 9 rocks

DoomChicken the Priestess's attributes:

Background:
 You were an Adept, a level 6 elven Priestess.
 You were chaotic, on a mission for Mars
 who was opposed by Mercury (lawful) and Venus (neutral).
 You were right-handed.
 You were in the Gnomish Mines, on level 6.
 You entered the dungeon 3019 turns ago.
 It was nighttime.
 You had 572 experience points, 68 more were needed to attain level 7.

Basics:
 You had 0 out of 43 hit points.
 You had all 98 energy points (spell power).
 Your armor class was 4.
 Your wallet contained 339 zorkmids.
 Autopickup was on for '?!/"$=+' plus thrown.

Final Characteristics:
 Your strength was 11 (limit:18).
 Your dexterity was 10 (limit:18).
 Your constitution was 15 (limit:16).
 Your intelligence was 10 (limit:20).
 Your wisdom was 20 (limit:20).
 Your charisma was 10 (limit:18).

Final Status:
 You weren't hungry.
 You were burdened; movement was slightly slowed.
 You were wielding a mace.
 You were skilled in mace.

Final Attributes:
 You were piously aligned.
 You were sleep resistant.
 You had infravision.
 You were stealthy.
 You were guarded.
 Your spell casting was enhanced by wearing a robe.
 You are dead.

Miscellaneous:
 You didn't encounter any bones levels.
 Total elapsed playing time was 49 minutes and 49 seconds.

Major events:
 Turn
    1: DoomChicken the chaotic elven Priestess entered the dungeon
  568: attained the rank of Acolyte (level 3)
 1477: entered the Gnomish Mines
 2521: attained the rank of Adept (level 6)
 3019: killed by a hill orc

Spells:
 Name                 Level Category     Fail Retention
 light                  1   clerical       0%   81%-90%
 clairvoyance           3   divination    57%  76%-100%

Skills:
 Fighting Skills
   bare handed combat [Unskilled]
 Weapon Skills
   club               [Unskilled]
   mace               [Skilled]
   morning star       [Unskilled]
   flail              [Unskilled]
   hammer             [Unskilled]
   quarterstaff       [Unskilled]
   polearms           [Unskilled]
   spear              [Unskilled]
   trident            [Unskilled]
   lance              [Unskilled]
   bow                [Unskilled]
   sling              [Unskilled]
   crossbow           [Unskilled]
   dart               [Unskilled]
   shuriken           [Unskilled]
   boomerang          [Unskilled]
   unicorn horn       [Unskilled]
 Spellcasting Skills
   healing spells     [Unskilled]
   divination spells  [Unskilled]
   clerical spells    [Basic]

Voluntary challenges:
 Character rerolling was not enabled.
 You never genocided any monsters.
 You never polymorphed an object.
 You used no wishes.
Achievements:
 You entered a shop.
 You attained the rank of Acolyte.
 You entered the Gnomish Mines.
 You attained the rank of Adept.

 The Dungeons of Doom: levels 1 to 5
    Level 1:
    Level 2:
       A ring shop, some fountains.
    Level 3:
       An altar.
    Level 4:
       A grave.
       Stairs down to The Gnomish Mines.
    Level 5:
 The Gnomish Mines: levels 5 to 7
    Level 5:
    Level 6: <- You were here.
       Final resting place for
          you, killed by a hill orc.
    Level 7:


Vanquished creatures:
  a large mimic
 an iron piercer
  a gnome ruler
  a dingo
  a gnome mummy
  a snake
  a yellow light
  6 gnome leaders
  a gnomish wizard
  a kobold mummy
  a gray ooze
 an elf zombie
  4 dwarves
  a kobold shaman
  a hill orc
  a giant bat
  2 orc zombies
  2 werejackals
 an iguana
  2 killer bees
  a coyote
  a hobbit
  2 green molds
 23 gnomes
  a gecko
  6 jackals
  2 foxes
  4 goblins
  3 sewer rats
  4 grid bugs
  4 lichens
  5 newts
87 creatures vanquished.

No species were genocided or became extinct.

Game over:
                       ----------
                      /          \
                     /    REST    \
                    /      IN      \
                   /     PEACE      \
                  /                  \
                  |   DoomChicken    |
                  |      339 Au      |
                  | killed by a hill |
                  |       orc        |
                  |                  |
                  |                  |
                  |       2026       |
                 *|     *  *  *      | *
        _________)/\\_//(\/(/\)/\//\/|_)_______

Goodbye DoomChicken the Priestess...

You died in The Gnomish Mines on dungeon level 6 with 2904 points,
and 339 pieces of gold, after 3019 moves.
You were level 6 with a maximum of 43 hit points when you died.

